 Dungeon Crawl Stone Soup version 0.19-a0-742-g4563caa (webtiles) character file.

7734 Ijustatesigmund the Conjurer (level 11, -1/96 HPs)
             Began as a Red Draconian Conjurer on June 23, 2016.
             Was a Believer of Ashenzari.
             Slain by a freezing wraith (4 damage)
             ... on level 11 of the Dungeon.
             The game lasted 01:06:57 (15156 turns).

Ijustatesigmund the Conjurer (DrCj)                Turns: 15156, Time: 01:06:57

Health: -1/96      AC: 20    Str: 10    XL:     11   Next: 0%
Magic:  1/21       EV: 21    Int: 17    God:    Ashenzari [**....]
Gold:   432        SH:  0    Dex: 19    Spells: 6 memorised, 4 levels left

rFire  + . .     SeeInvis .     i - +4 dagger (protect) (curse)
rCold  . . .     Gourm    .     (armour unavailable)
rNeg   . . .     Faith    .     (no shield)
rPois  .         Spirit   .     (helmet restricted)
rElec  .         Dismiss  .     u - +2 cloak (curse)
rCorr  .         Reflect  .     (no gloves)
SustAt .         Harm     .     (no boots)
MR     .....                    c - amulet of regeneration (curse)
Stlth  +++.......               x - +5 ring of protection (curse)
                                j - ring of wizardry (curse)

@: agile, short of breath, slowed, very slow, not resistant to hostile
enchantments, fairly stealthy
A: breathe fire, unfitting armour, hooves 1, fire resistance 1, robust 1,
cold-blooded, AC +7
a: Breathe Fire, Curse Item, Scrying, Renounce Religion


You were on level 11 of the Dungeon.
You worshipped Ashenzari.
Ashenzari was pleased with you.
You were very hungry.

You visited 2 branches of the dungeon, and saw 12 of its levels.
You also visited: Ossuary and Ice Cave.

You collected 737 gold pieces.
You spent 305 gold pieces at shops.

Inventory:

Hand Weapons
 d - a +2 falchion of holy wrath
 i - a cursed +4 dagger of protection (weapon)
Armour
 u - a cursed +2 cloak (worn)
Rods
 q - a +0 rod of clouds (16/16)
   (You found it on level 7 of the Dungeon)
Jewellery
 c - a cursed amulet of regeneration (around neck)
 e - an uncursed ring of teleportation
 j - a cursed ring of wizardry (left hand)
 p - an uncursed ring of wizardry
 x - a cursed +5 ring of protection (right hand)
 J - an uncursed amulet of dismissal
Wands
 k - a wand of random effects (31/48)
 l - a wand of lightning (2/15)
 r - a wand of flame (28/48)
 v - a wand of confusion (12/48)
 B - a wand of flame (33/48)
 C - a wand of flame (14/48)
 E - a wand of paralysis (6/24)
 K - a wand of iceblast (8/15)
Scrolls
 y - 2 scrolls of recharging
 D - 5 scrolls of remove curse
Potions
 b - 5 potions of lignification
 g - a potion of mutation
 h - a potion of magic
 n - a potion of flight
 o - 3 potions of agility
 A - 2 potions of ambrosia
Books
 a - a book of Conjurations

   Spells                             Type                      Level
   a - Magic Dart                     Conjuration                  1
   b - Searing Ray                    Conjuration                  2
   c - Dazzling Spray                 Conjuration/Hexes            3
   d - Fulminant Prism                Conjuration/Hexes            4
   e - Iskenderun's Mystic Blast      Conjuration                  4
   f - Iskenderun's Battlesphere      Conjuration/Charms           5
 G - a book of the Tempests

   Spells                             Type                      Level
   a - Static Discharge               Conjuration/Air              3
   b - Lightning Bolt                 Conjuration/Air              5
   c - Fireball                       Conjuration/Fire             5
   d - Tornado                        Air                          9
   e - Shatter                        Earth                        9
Comestibles
 m - 5 chunks of flesh
 t - 2 meat rations
 w - 5 bread rations
 F - 3 slices of pizza


   Skills:
 - Level 5.5 Fighting
 - Level 4.1(6.3) Short Blades
 - Level 5.6 Dodging
 - Level 4.3 Stealth
 - Level 7.1 Spellcasting
 + Level 7.4(9.8) Conjurations
 - Level 5.1(7.4) Hexes
 - Level 6.1(8.5) Charms
 + Level 4.4(6.6) Fire Magic


You had 4 spell levels left.
You knew the following spells:

 Your Spells              Type           Power        Failure   Level  Hunger
a - Magic Dart            Conj           ####         1%          1    None
b - Searing Ray           Conj           #####.       1%          2    None
c - Dazzling Spray        Conj/Hex       #####.       1%          3    ##.....
d - Iskenderun's Battles  Conj/Chrm      #####...     4%          5    #####..
e - Iskenderun's Mystic   Conj           #####...     1%          4    ####...
f - Fireball              Conj/Fire      ####......   4%          5    #####..


Dungeon Overview and Level Annotations

Branches:
Dungeon (11/15)            Temple (1/1) D:7
   Lair: D:8-11         Orc: D:9-12

Altars:
Ashenzari
Cheibriados
Dithmenos
Elyvilon
Fedhas
Gozag
Hepliaklqana
Kikubaaqudgha
Makhleb
Nemelex Xobeh
Okawaru
Pakellas
Qazlal
Ru
Sif Muna
Trog
Uskayaw
Vehumet
Xom
Yredelemnul
Zin
The Shining One

Shops:
D:4 ?[   D:7 ?   D:10 ?


Innate Abilities, Weirdness & Mutations

You can breathe blasts of fire.
Your fiery red scales are hard. (AC +7)
Your body does not fit into most forms of armour.
Your flesh is heat resistant. (rF+)
You are cold-blooded and may be slowed by cold attacks.
You have large cloven feet.
You are robust. (+10% HP)


Message History

You feel your power leaking away.
Found a stone staircase leading down.
The freezing wraith barely misses you. x2
Evoke which item? (* to show all) (? for menu, Esc to quit)
Okay, then.
You feel better. The freezing wraith misses you.
The freezing wraith completely misses you.
Evoke which item? (* to show all) (? for menu, Esc to quit)
Zapping:
B - a wand of flame (will waste charges)
Press: ? - help, Shift-Dir - straight line, f/p - freezing wraith
Aim: a freezing wraith (almost destroyed)
The puff of flame misses the freezing wraith.
Evoking this partially-identified wand wasted a few charges.
The freezing wraith hits you.
* * * LOW HITPOINT WARNING * * *
The freezing wraith freezes you!
You feel as though you will be slow longer.
* * * LOW HITPOINT WARNING * * *
The freezing wraith hits you.
You die...

, ###########.######## ,
,....................
..........)...############
, ..............#
..............#
..............########## *
, ........†.....).........
, ...............W........
...........G....@.......
........................
........................ ,
........................ ,
........................ ,
........................ ,
...............>........
###.[##########.########*
, #..# * * *


You could see a freezing wraith and an eye of draining.

Vanquished Creatures
  2 hill giants (D:11)
  A manticore (D:11)
  Psyche (D:10)
  A rime drake (IceCv)
  2 ice devils (D:11)
  A troll (D:10)
  Grinder (D:4)
  Eustachio (D:5)
  A human (D:9)
  A mottled dragon (D:5)
  Edmund (D:4)
  A water moccasin (D:9)
  5 sky beasts
  2 orc warriors (D:11)
  A wasp (D:11)
  9 ice beasts
  A black bear (D:9)
  A centaur (D:10)
  3 phantoms
  2 ogres
  A big kobold (D:7)
  7 giant frogs
  3 scorpions
  A water moccasin skeleton (D:8)
  A howler monkey (D:10)
  2 giant frog zombies
  2 crimson imps
  5 jellies
  2 giant frog skeletons
  4 orc priests
  A centaur skeleton (D:5)
  6 hounds
  A gnoll shaman (D:7)
  Ijyb (D:2)
  Jessica (D:2)
  An iguana (D:10)
  9 orc wizards
  A worker ant (D:4)
  5 big kobold zombies (Ossuary)
  2 mummies
  A howler monkey zombie (D:7)
  15 adders
  4 gnolls (D:6)
  2 howler monkey skeletons
  3 shadow imps
  2 adder skeletons (D:5)
  7 worms
  3 dart slugs (D:1)
  7 giant geckos
  30 orcs
  4 spectral bats (Ossuary)
  7 bats
  8 giant cockroaches
  8 goblins
  8 hobgoblins
  16 kobolds
  3 quokkas
  A ball python (D:1)
  3 bat simulacra (Ossuary)
  A giant gecko skeleton (D:4)
  5 giant newts
  7 gnoll zombies (Ossuary)
  4 goblin simulacra (Ossuary)
  4 goblin zombies (Ossuary)
  9 hobgoblin zombies
  4 kobold zombies (Ossuary)
  3 orc zombies (Ossuary)
  A quokka skeleton (D:8)
  A quokka zombie (D:8)
  10 rats
  4 rat simulacra (Ossuary)
  3 spectral goblins (Ossuary)
  2 spectral kobolds (Ossuary)
  2 spectral rats (Ossuary)
286 creatures vanquished.

Notes
Turn   | Place    | Note
--------------------------------------------------------------
     0 | D:1      | Ijustatesigmund the Draconian Conjurer began the quest for the Orb.
     0 | D:1      | Reached XP level 1. HP: 14/14 MP: 3/3
   184 | D:1      | Reached skill level 1 in Fighting
   212 | D:1      | Reached XP level 2. HP: 21/23 MP: 0/5
   478 | D:1      | Learned a level 2 spell: Searing Ray
   740 | D:1      | Found a glowing golden altar of the Shining One.
   827 | D:1      | Reached XP level 3. HP: 22/29 MP: 1/6
  1520 | D:2      | Found a bloodstained altar of Trog.
  1768 | D:2      | Reached XP level 4. HP: 27/36 MP: 0/7
  1851 | D:2      | Noticed Ijyb
  1863 | D:2      | Killed Ijyb
  1881 | D:2      | Reached skill level 1 in Short Blades
  2044 | D:2      | Reached skill level 5 in Conjurations
  2130 | D:2      | Noticed Jessica
  2141 | D:2      | Killed Jessica
  2141 | D:2      | Reached XP level 5. HP: 41/41 MP: 6/9
  2210 | D:2      | Learned a level 3 spell: Dazzling Spray
  2214 | D:2      | Found an iron altar of Okawaru.
  2238 | D:2      | Found a shimmering altar of Xom.
  2990 | D:3      | Reached skill level 1 in Hexes
  3160 | D:3      | Gained mutation: You are robust. (+10% HP) [potion of beneficial mutation]
  3342 | D:3      | Found a snail-covered altar of Cheibriados.
  3694 | D:4      | Found a glowing golden altar of the Shining One.
  3775 | D:4      | Noticed Grinder
  3781 | D:4      | Killed Grinder
  3781 | D:4      | Reached XP level 6. HP: 41/52 MP: 3/10
  3842 | D:4      | Learned a level 5 spell: Iskenderun's Battlesphere
  3995 | D:4      | Found Orphees's Armour Emporium.
  4084 | D:4      | Noticed Edmund
  4100 | D:4      | Killed Edmund
  4100 | D:4      | Reached skill level 1 in Charms
  4100 | D:4      | Your scales start taking on a fiery red colour.
  4100 | D:4      | Reached XP level 7. HP: 38/60 MP: 1/11
  4100 | D:4      | Gained mutation: Your flesh is heat resistant. (rF+) [Red Draconian growth]
  4628 | D:4      | You fall through a shaft for 3 floors!
  4722 | D:7      | Found Moddac's Magic Scroll Emporium.
  4730 | D:7      | Bought 2 scrolls of identify for 60 gold pieces
  4730 | D:7      | Bought a scroll of teleportation for 45 gold pieces
  4735 | D:7      | Bought a scroll of identify for 30 gold pieces
  5128 | D:7      | Found a staircase to the Ecumenical Temple.
  5167 | Temple   | Entered the Ecumenical Temple
  5255 | Temple   | Became a worshipper of Ashenzari the Shackled
  5538 | D:6      | Found an oddly glowing altar of Pakellas.
  5538 | D:6      | Found Pakellas's Prime Provisions.
  5634 | D:6      | Reached XP level 8. HP: 67/67 MP: 1/12
  5753 | D:5      | Entered Level 5 of the Dungeon
  5822 | D:5      | Reached skill level 5 in Hexes
  5908 | D:5      | Found a stormy altar of Qazlal.
  5909 | D:5      | Noticed an air elemental
  6010 | D:5      | Found a sand-covered staircase.
  6018 | Ossuary  | Entered an ossuary
  7381 | D:4      | Noticed Eustachio
  7609 | D:5      | Reached skill level 5 in Charms
  7702 | D:5      | Found an ancient bone altar of Kikubaaqudgha.
  7702 | D:5      | Found a blossoming altar of Fedhas.
  8070 | D:5      | Killed Eustachio
  8248 | D:4      | Found Gixe's Magic Scroll Emporium.
  8257 | D:4      | Bought a scroll of enchant weapon for 82 gold pieces
  8347 | D:4      | Reached skill level 5 in Fighting
  8468 | D:4      | Reached * piety under Ashenzari
  8631 | D:5      | Reached XP level 9. HP: 27/81 MP: 1/13
  8745 | D:6      | Found a basalt altar of Yredelemnul.
  9075 | D:4      | Bought a scroll of identify for 22 gold pieces
  9075 | D:4      | Bought a scroll of remove curse for 33 gold pieces
  9075 | D:4      | Bought a scroll of remove curse for 33 gold pieces
 10279 | D:7      | Found a radiant altar of Vehumet.
 10393 | D:8      | Found a glowing silver altar of Zin.
 10732 | D:8      | Found an oddly glowing altar of Pakellas.
 10919 | D:8      | Noticed a purple ugly thing
 11183 | D:9      | Reached ** piety under Ashenzari
 11189 | D:9      | Learned a level 4 spell: Iskenderun's Mystic Blast
 11237 | D:9      | Reached skill level 5 in Spellcasting
 12175 | D:8      | Gained mutation: You have large cloven feet. [potion of beneficial mutation]
 12343 | D:8      | Found an opulent altar of Gozag.
 12437 | D:8      | Found a shadowy altar of Dithmenos.
 12819 | D:10     | Entered Level 10 of the Dungeon
 13151 | D:10     | Found Fijireva's Magic Scroll Emporium.
 13195 | D:10     | Noticed a troll
 13264 | D:10     | Noticed Psyche
 13269 | D:10     | Killed Psyche
 13269 | D:10     | Reached XP level 10. HP: 89/89 MP: 1/20
 13620 | D:11     | Noticed a manticore
 13635 | D:11     | Killed a manticore
 13790 | D:11     | Found a frozen archway.
 13884 | IceCv    | Entered an ice cave
 14067 | IceCv    | Reached skill level 5 in Dodging
 14292 | IceCv    | Noticed an ice statue
 14472 | IceCv    | Learned a level 5 spell: Fireball
 14477 | D:11     | Noticed a hill giant
 14482 | D:11     | Killed a hill giant
 15045 | D:11     | Noticed a hill giant
 15053 | D:11     | Killed a hill giant
 15053 | D:11     | Reached XP level 11. HP: 96/96 MP: 3/21
 15156 | D:11     | HP: 3/96 [freezing wraith (8)]
 15156 | D:11     | Slain by a freezing wraith

Vault maps used:
D:1:      dpeg_arrival_simpleton_b, minmay_misc_feat_room, tso_altar
D:2:      bloody_trog, lemuel_round_altar, xom_teletrap_fun, uniq_iyjb,
          uniq_jessica
D:3:      cheibriados_altar_1, grunt_decor_one_mirror,
          kennysheep_generic_room_10
D:4:      lemuel_crystal_altar, serial_shops, nicolae_shop_waterfront, shop,
          first_bread, uniq_edmund, uniq_eustachio, uniq_grinder
D:5:      grunt_temple_overflow_growth_and_decay, nicolae_ossuary_entry_giza,
          nicolae_qazlal_style_of_elements
D:6:      yredelemnul_altar_generic, grunt_decor_arrowhead, serial_bayou_pond_a,
          minmay_stone_trees_small, johnstein_pakellas_shop
D:7:      marbit_many_paths, serial_shops, shop
D:8:      nicolae_overflow_crystal_walls, lemuel_round_altar,
          lemuel_doored_altar, old_standard_altar
D:9:      minmay_misc_feat_iff, grunt_pizzeria
D:10:     serial_shops, nicolae_shop_statue_plus, uniq_psyche
D:11:     lair_0_dummy, david_orc_4, portal_ice_cave_demonic_guard, uniq_maurice
Temple:   dpeg_three_leaves_temple
Ossuary:  ossuary_zaba_two_paths
IceCv:    ice_cave_small_dragons

Skill      XL: |  1  2  3  4  5  6  7  8  9 10 |
---------------+-------------------------------+-----
Fighting       | 1 2 5 |  5.5
Short Blades   | 1 4 |  4.1
Conjurations   | 5 6 7 |  7.4
Spellcasting   | 3 7 |  7.1
Hexes          | 2 3 4 5 |  5.1
Charms         | 1 3 6 |  6.1
Stealth        | 2 4 |  4.3
Dodging        | 5 |  5.6
Fire Magic     | 4 |  4.4

Action                   |  1- 3 |  4- 6 |  7- 9 | 10-12 || total
-------------------------+-------+-------+-------+-------++-------
Melee: Dagger            |    46 |    41 |   336 |   157 ||   580
       Tailslap          |     4 |     3 |    37 |    26 ||    70
       Kick              |       |       |     1 |    42 ||    43
 Cast: Magic Dart        |    79 |    86 |   446 |    78 ||   689
       Searing Ray       |       |     7 |    27 |     5 ||    39
       Iskenderun's Batt |       |       |     8 |     9 ||    17
       Iskenderun's Myst |       |       |     6 |     6 ||    12
       Dazzling Spray    |       |       |       |    12 ||    12
       Fireball          |       |       |       |     2 ||     2
Invok: Curse Item        |       |       |     5 |       ||     5
 Abil: Breathe Fire      |       |       |     1 |     7 ||     8
Evoke: Wand              |       |       |       |     9 ||     9
  Use: Scroll            |     4 |     7 |    16 |     3 ||    30
       Potion            |       |     3 |     3 |     8 ||    14
 Stab: Sleeping          |     2 |     2 |     9 |       ||    13
       Invisible         |       |       |       |     3 ||     3
       Confused          |       |       |       |     1 ||     1
  Eat: Bread ration      |     1 |       |     1 |       ||     2
       Fruit             |     1 |       |       |       ||     1
       Chunk             |       |     5 |    24 |     3 ||    32
       Pizza             |       |     1 |     1 |     5 ||     7
       Beef jerky        |       |       |     2 |     1 ||     3
Armor: Skin              |    18 |    14 |   282 |   157 ||   471
Dodge: Dodged            |    40 |    25 |   303 |   148 ||   516
